[Event "FIDE Grand Swiss 2023"]
[Site "Villa Marina, Douglas, Isle of Man"]
[Date "2023.10.25"]
[Round "1.45"]
[White "Lazavik, Denis"]
[Black "Korobov, Anton"]
[Result "1/2-1/2"]
[WhiteElo "2560"]
[BlackElo "2658"]
[EventDate "2023.10.25"]
[ECO "E15"]
[PlyCount "60"]
[BlackFideId "14105730"]
[TimeControl "40/100 + 20/50 + 15 + 30s/move"]
[WhiteFideId "13515110"]

1.d4 Nf6 2.c4 e6 3.Nf3 b6 4.g3 Ba6 5.b3 Bb4+ 6.Bd2 Be7 7.Bg2 O-O 8.O-O d5 9.Ne5 Bb7 10.Nc3 Nbd7 11.Bf4 c5 12.Rc1 Rc8 13.cxd5 Nxd5 14.Nxd5 Bxd5 15.e4 Ba8 16.d5 Nxe5 17.Bxe5 Bd6 18.Bb2 exd5 19.exd5 Qd7 20.Qh5 Rce8 21.Rc4 f6 22.Bh3 f5 23.Rh4 h6 24.Qg6 Be5 25.Bxe5 Rxe5 26.Rxh6 Qxd5 27.Qh7+ Kf7 28.Qg6+ Kg8 29.Qh7+ Kf7 30.Qg6+ Kg8 1/2-1/2

[Event "FIDE Grand Swiss 2023"]
[Site "Villa Marina, Douglas, Isle of Man"]
[Date "2023.10.25"]
[Round "1.46"]
[White "Sindarov, Javokhir"]
[Black "Maurizzi, Marc`andria"]
[Result "1/2-1/2"]
[WhiteElo "2658"]
[BlackElo "2555"]
[EventDate "2023.10.25"]
[ECO "C65"]
[PlyCount "102"]
[BlackFideId "36083534"]
[TimeControl "40/100 + 20/50 + 15 + 30s/move"]
[WhiteFideId "14205483"]

1.e4 e5 2.Nf3 Nc6 3.Bb5 Nf6 4.d3 Bc5 5.Bg5 h6 6.Bh4 d6 7.Nc3 g5 8.Bg3 Bd7 9.Na4 Bb6 10.Nxb6 axb6 11.a4 Ne7 12.O-O Ng6 13.Qe2 h5 14.h4 c6 15.Bc4 Nh7 16.hxg5 Nxg5 17.Qe3 Nxf3+ 18.Qxf3 Be6 19.Bxe6 fxe6 20.Qe3 h4 21.Bh2 Qf6 22.c3 Nf4 23.Kh1 Qg5 24.Rg1 c5 25.d4 Kf7 26.b4 cxd4 27.cxd4 Qg4 28.dxe5 dxe5 29.Ra3 Rad8 30.Qxb6 Rd1 31.Qxb7+ Ke8 32.Qc8+ Kf7 33.Qc7+ Ke8 34.Qb8+ Kf7 35.Qb7+ Ke8 36.Qb5+ Kf7 37.Bxf4 h3 38.Qb7+ Ke8 39.Qc8+ Kf7 40.Qb7+ Ke8 41.Qb5+ Kf7 42.Bg3 hxg2+ 43.Kxg2 Qh3+ 44.Kf3 Qh5+ 45.Ke3 Rxg1 46.Qxe5 Re1+ 47.Kf4 Qh6+ 48.Kf3 Qh1+ 49.Kf4 Qh6+ 50.Kf3 Qh1+ 51.Kf4 Qh6+ 1/2-1/2

[Event "FIDE Grand Swiss 2023"]
[Site "Villa Marina, Douglas, Isle of Man"]
[Date "2023.10.25"]
[Round "1.47"]
[White "Adhiban, B."]
[Black "Predke, Alexandr"]
[Result "0-1"]
[WhiteElo "2551"]
[BlackElo "2656"]
[EventDate "2023.10.25"]
[ECO "B30"]
[PlyCount "48"]
[BlackFideId "24107581"]
[TimeControl "40/100 + 20/50 + 15 + 30s/move"]
[WhiteFideId "5018471"]

1.e4 c5 2.Nf3 Nc6 3.Nc3 g6 4.Bb5 Bg7 5.O-O d6 6.e5 dxe5 7.Bxc6+ bxc6 8.Re1 Qc7 9.d3 c4 10.d4 exd4 11.Nxd4 Qd7 12.Be3 Nf6 13.Qe2 Nd5 14.Rad1 Nxe3 15.Qxe3 O-O 16.Qe4 Qb7 17.Nxc6 Be6 18.Nd5 Kh8 19.Ndxe7 Qxb2 20.Nd4 Rae8 21.Qh4 g5 22.Qxg5 Bxd4 23.Nf5 Bxf2+ 24.Kxf2 Qxc2+ 0-1

[Event "FIDE Grand Swiss 2023"]
[Site "Villa Marina, Douglas, Isle of Man"]
[Date "2023.10.25"]
[Round "1.48"]
[White "Shirov, Alexei"]
[Black "Fawzy, Adham"]
[Result "1-0"]
[WhiteElo "2655"]
[BlackElo "2535"]
[EventDate "2023.10.25"]
[ECO "B33"]
[PlyCount "99"]
[BlackFideId "10613129"]
[TimeControl "40/100 + 20/50 + 15 + 30s/move"]
[WhiteFideId "2209390"]

1.e4 c5 2.Nf3 Nc6 3.d4 cxd4 4.Nxd4 Nf6 5.Nc3 e5 6.Ndb5 d6 7.Nd5 Nxd5 8.exd5 Ne7 9.c4 Ng6 10.Qa4 Bd7 11.Qb4 Qb8 12.h4 h5 13.Be3 a6 14.Nc3 Be7 15.g3 O-O 16.Be2 b5 17.cxb5 axb5 18.O-O f5 19.Bxh5 Nxh4 20.f4 Be8 21.Be2 exf4 22.Rxf4 Ng6 23.Rf2 Bd7 24.Nxb5 Bf6 25.a4 Be5 26.Rf3 Qd8 27.Raf1 Qf6 28.b3 f4 29.gxf4 Nh4 30.Rg3 Nf5 31.fxe5 Qxe5 32.Rgf3 Rf6 33.Qf4 Rg6+ 34.Kf2 Qb2 35.Bd4 Qc2 36.Rc1 Qa2 37.Ra1 Qc2 38.Rc3 Rg2+ 39.Kxg2 Qxe2+ 40.Bf2 Rf8 41.Nd4 Qh5 42.Rh1 Qg6+ 43.Kf1 Rf6 44.Rg1 Qh5 45.Ke1 Qe8+ 46.Be3 Qf8 47.Nxf5 Rxf5 48.Qh4 Qe8 49.Kd2 Rh5 50.Qf6 1-0

[Event "FIDE Grand Swiss 2023"]
[Site "Villa Marina, Douglas, Isle of Man"]
[Date "2023.10.25"]
[Round "1.49"]
[White "Krasenkow, Michal"]
[Black "Anton Guijarro, David"]
[Result "0-1"]
[WhiteElo "2531"]
[BlackElo "2653"]
[EventDate "2023.10.25"]
[ECO "E00"]
[PlyCount "112"]
[BlackFideId "2285525"]
[TimeControl "40/100 + 20/50 + 15 + 30s/move"]
[WhiteFideId "1113100"]

1.Nf3 e6 2.c4 d5 3.d4 Nf6 4.g3 Bb4+ 5.Bd2 Be7 6.Bg2 O-O 7.O-O Nbd7 8.Qb3 c6 9.Bg5 a5 10.Nbd2 h6 11.Bxf6 Nxf6 12.Ne5 Qc7 13.Rac1 Rd8 14.Rfd1 Bd7 15.e4 a4 16.Qe3 Be8 17.f4 Bb4 18.a3 Bxd2 19.Rxd2 Nxe4 20.Bxe4 dxe4 21.c5 f5 22.Rc4 b6 23.cxb6 Qxb6 24.Qc3 Ra6 25.Rb4 Qa7 26.Rc2 Rd5 27.Kg2 Kh7 28.Qc4 Qa8 29.Kf2 Ra7 30.Qe2 Rb7 31.Rxb7 Qxb7 32.Qc4 Qa7 33.Ke3 g5 34.Qb4 gxf4+ 35.gxf4 Qg7 36.Qe1 Rb5 37.Kd2 Rd5 38.Ke3 Qb7 39.Qb4 Qxb4 40.axb4 Rb5 41.Rc4 Kg7 42.Kd2 Rb6 43.Ke3 Kf6 44.Kf2 Ke7 45.Ke3 Kd6 46.Kf2 Rb5 47.Ke3 Kc7 48.Kf2 Kb7 49.Ke3 Ka6 50.Kd2 Rb7 51.Kc3 Rg7 52.Rc5 Rg1 53.Nc4 Ka7 54.Ra5+ Kb8 55.Ne3 Rc1+ 56.Kd2 Rh1 0-1

[Event "FIDE Grand Swiss 2023"]
[Site "Villa Marina, Douglas, Isle of Man"]
[Date "2023.10.25"]
[Round "1.50"]
[White "Ivanchuk, Vasyl"]
[Black "Samunenkov, Ihor"]
[Result "1/2-1/2"]
[WhiteElo "2653"]
[BlackElo "2531"]
[EventDate "2023.10.25"]
[ECO "D31"]
[PlyCount "134"]
[BlackFideId "14187086"]
[TimeControl "40/100 + 20/50 + 15 + 30s/move"]
[WhiteFideId "14100010"]

1.d4 d5 2.c4 e6 3.Nc3 a6 4.cxd5 exd5 5.Bf4 Nf6 6.e3 Bd6 7.Bg5 c6 8.Bd3 O-O 9.Qc2 h6 10.Bh4 Re8 11.Nge2 Nbd7 12.h3 Be7 13.Bg3 Nf8 14.O-O Ne6 15.a3 Ng5 16.Be5 Nd7 17.Bf4 Nf6 18.f3 c5 19.Qd2 b5 20.Rad1 Bb7 21.Bf5 Qb6 22.Be5 Rad8 23.dxc5 Bxc5 24.Bd4 Bc8 25.Bc2 Ne6 26.Bxc5 Nxc5 27.Rfe1 Bb7 28.Nd4 Ncd7 29.Nce2 Ne5 30.b3 Qc5 31.Qa5 Nc6 32.Nxc6 Qxc6 33.Nd4 Qd6 34.a4 bxa4 35.bxa4 Bc8 36.Qd2 Bd7 37.a5 Rb8 38.Bd3 Rec8 39.Rb1 Ne8 40.Bf1 Nc7 41.Rxb8 Rxb8 42.Rc1 g6 43.Rc2 Nb5 44.Rb2 Nxd4 45.exd4 Bb5 46.Bxb5 Rxb5 47.Rxb5 axb5 48.Qa2 Qa6 49.Qa3 h5 50.Kf2 Kg7 51.g3 g5 52.Qb4 Kf6 53.Ke3 Ke6 54.h4 gxh4 55.gxh4 Kd7 56.Kd2 Qh6+ 57.Kd1 Qc6 58.Qf8 Qf6 59.Ke2 Qe6+ 60.Kd2 Qf6 61.Kc3 Qxf3+ 62.Kb4 Qf1 63.a6 Qc4+ 64.Ka5 Qc7+ 65.Kb4 Qc4+ 66.Ka5 Qc7+ 67.Kb4 Qc4+ 1/2-1/2

[Event "FIDE Grand Swiss 2023"]
[Site "Villa Marina, Douglas, Isle of Man"]
[Date "2023.10.25"]
[Round "1.51"]
[White "Gurel, Ediz"]
[Black "Bartel, Mateusz"]
[Result "1/2-1/2"]
[WhiteElo "2514"]
[BlackElo "2651"]
[EventDate "2023.10.25"]
[ECO "C08"]
[PlyCount "66"]
[BlackFideId "1112635"]
[TimeControl "40/100 + 20/50 + 15 + 30s/move"]
[WhiteFideId "44507356"]

1.e4 e6 2.d4 d5 3.Nd2 c5 4.exd5 exd5 5.Ngf3 Nf6 6.Bb5+ Bd7 7.Bxd7+ Nbxd7 8.O-O Be7 9.dxc5 Nxc5 10.Nd4 Qd7 11.N2f3 Bd6 12.Qe2+ Nce4 13.Qb5 Rc8 14.c3 Qxb5 15.Nxb5 Bb8 16.h3 O-O 17.Be3 a6 18.Nbd4 Rfe8 19.Rad1 h6 20.Rfe1 Kh7 21.Nc2 Bd6 22.Bd4 b5 23.Ne3 Rcd8 24.Kf1 Bc7 25.g4 Ng8 26.Re2 g6 27.h4 Re6 28.Kg2 Ne7 29.Rh1 Nc6 30.Rhe1 f5 31.Rh1 Bf4 32.gxf5 gxf5 33.Kf1 Nxd4 1/2-1/2

[Event "FIDE Grand Swiss 2023"]
[Site "Villa Marina, Douglas, Isle of Man"]
[Date "2023.10.25"]
[Round "1.52"]
[White "Narayanan.S.L"]
[Black "Rodrigue-Lemieux, Shawn"]
[Result "1-0"]
[WhiteElo "2651"]
[BlackElo "2488"]
[EventDate "2023.10.25"]
[ECO "B12"]
[PlyCount "89"]
[BlackFideId "2620049"]
[TimeControl "40/100 + 20/50 + 15 + 30s/move"]
[WhiteFideId "5058422"]

1.e4 c6 2.d4 d5 3.e5 Bf5 4.Nf3 e6 5.Be2 Ne7 6.c3 Ng6 7.a4 Be7 8.O-O Nd7 9.Na3 Bg4 10.Nc2 O-O 11.Ne3 Bxf3 12.Bxf3 f6 13.exf6 Nxf6 14.g3 e5 15.h4 e4 16.Bg2 Bd6 17.Bh3 Qe8 18.Nf5 Bc7 19.Qb3 Rf7 20.c4 dxc4 21.Qxc4 Nd5 22.Qe2 Nb4 23.Bd2 a5 24.Qg4 Nc2 25.Rac1 Rxf5 26.Rxc2 Rd5 27.Bc3 e3 28.h5 Nf8 29.h6 Qg6 30.Qxg6 hxg6 31.hxg7 Kxg7 32.fxe3 Bxg3 33.Rg2 Bd6 34.e4 Rh5 35.Bg4 Rh4 36.d5+ Kg8 37.Rf6 Bc5+ 38.Kf1 cxd5 39.exd5 Rh1+ 40.Ke2 Re8+ 41.Be6+ Kh7 42.Rf7+ Kh6 43.Bd2+ Kh5 44.Rg5+ Kh4 45.Rf4+ 1-0

[Event "FIDE Grand Swiss 2023"]
[Site "Villa Marina, Douglas, Isle of Man"]
[Date "2023.10.25"]
[Round "1.53"]
[White "Greenfeld, Alon"]
[Black "Melkumyan, Hrant"]
[Result "0-1"]
[WhiteElo "2455"]
[BlackElo "2650"]
[EventDate "2023.10.25"]
[ECO "E60"]
[PlyCount "134"]
[BlackFideId "13302485"]
[TimeControl "40/100 + 20/50 + 15 + 30s/move"]
[WhiteFideId "2800039"]

1.d4 Nf6 2.c4 g6 3.g3 c5 4.dxc5 Qa5+ 5.Nc3 Qxc5 6.e4 Bg7 7.Be3 Qa5 8.Bg2 Nc6 9.Ne2 d6 10.O-O h5 11.h3 O-O 12.Rc1 Be6 13.b3 Rfc8 14.Nf4 Bd7 15.Qe2 Be8 16.Rfd1 Nd7 17.Qd2 Rab8 18.Ncd5 Qxd2 19.Bxd2 Kf8 20.Bc3 Bxc3 21.Rxc3 Nc5 22.h4 Bd7 23.f3 b6 24.Kf2 a5 25.Bf1 Ne5 26.Rcc1 f6 27.Ke3 Kf7 28.Be2 Na6 29.Nd3 Nc6 30.Nc3 Ncb4 31.Nxb4 axb4 32.Nd5 Rc5 33.Kf2 Be6 34.Ne3 Ra5 35.Rd2 Nc5 36.Rcc2 g5 37.hxg5 fxg5 38.Ng2 g4 39.Nf4 Rh8 40.Rc1 h4 41.gxh4 gxf3 42.Bxf3 Rxh4 43.Ke3 Ke8 44.Rg1 Bf7 45.Rgg2 Nd7 46.Rh2 Rxh2 47.Rxh2 Ne5 48.Nd3 Nxd3 49.Kxd3 Kd7 50.Bd1 Be6 51.Rg2 Ra8 52.Bf3 Rh8 53.Kc2 Rh3 54.Rf2 Kc7 55.Kb2 Rh4 56.Re2 Rf4 57.Re3 Bd7 58.a3 bxa3+ 59.Kxa3 Bc6 60.Bg2 Rg4 61.Bf3 Rg3 62.Kb4 Kd7 63.Rd3 Ke6 64.Kc3 Ke5 65.Kd2 Kf4 66.Ke2 Rh3 67.Bg2 Rh2 0-1

[Event "FIDE Grand Swiss 2023"]
[Site "Villa Marina, Douglas, Isle of Man"]
[Date "2023.10.25"]
[Round "1.54"]
[White "Pichot, Alan"]
[Black "Zhalmakhanov, Ramazan"]
[Result "0-1"]
[WhiteElo "2650"]
[BlackElo "2447"]
[EventDate "2023.10.25"]
[ECO "C50"]
[PlyCount "160"]
[BlackFideId "13706357"]
[TimeControl "40/100 + 20/50 + 15 + 30s/move"]
[WhiteFideId "110973"]

1.e4 e5 2.Nf3 Nc6 3.Bc4 Nf6 4.d3 Bc5 5.O-O O-O 6.Nbd2 a6 7.c3 Ba7 8.a4 d5 9.exd5 Nxd5 10.Re1 Bg4 11.Ne4 Kh8 12.h3 Bh5 13.Ng3 Bxf3 14.Qxf3 Nde7 15.Re4 f5 16.Rh4 Qe8 17.Bg5 Qg6 18.Qh5 Qxh5 19.Rxh5 g6 20.Rh4 f4 21.Bxe7 Nxe7 22.Ne4 h5 23.Be6 Kg7 24.Kh1 Nf5 25.g3 Nxh4 26.gxh4 Rad8 27.Bc4 Kh6 28.f3 a5 29.Kg2 Bb6 30.Ra3 Be3 31.Kf1 c6 32.Ke2 Rd7 33.Ra1 Ra8 34.Ra3 Bg1 35.Rb3 Kg7 36.Kf1 Be3 37.Ke2 Rb8 38.Be6 Rc7 39.Bc4 Kf8 40.Kf1 Ke7 41.Ke2 Rd7 42.Kf1 b5 43.axb5 Rdb7 44.d4 exd4 45.bxc6 Rxb3 46.Bxb3 Kd8 47.Nc5 Rb6 48.cxd4 Rxc6 49.Bd5 Rb6 50.b3 Ke7 51.Nd3 Rd6 52.Be4 Kf6 53.d5 Rb6 54.Ke2 Rxb3 55.d6 a4 56.d7 Ke7 57.Bd5 Kxd7 58.Bxb3 axb3 59.Ne5+ Ke6 60.Nc4 Kd5 61.Kd3 Bd4 62.Nd2 b2 63.Kc2 Be5 64.Kd3 Bf6 65.Kc2 Bd4 66.Ne4 Be5 67.Nd2 Bf6 68.Ne4 Bxh4 69.Kxb2 Kd4 70.Kc2 Ke3 71.Nd2 Ke2 72.Nc4 Bf6 73.Nd2 Bd4 74.Nc4 Bf6 75.Nd2 Be5 76.Nc4 Bd4 77.Nd2 Be3 78.Nc4 g5 79.Ne5 Bd4 80.Nf7 Bf6 0-1

[Event "FIDE Grand Swiss 2023"]
[Site "Villa Marina, Douglas, Isle of Man"]
[Date "2023.10.25"]
[Round "1.55"]
[White "Royal, Shreyas"]
[Black "Santos Latasa, Jaime"]
[Result "1-0"]
[WhiteElo "2407"]
[BlackElo "2650"]
[EventDate "2023.10.25"]
[ECO "E71"]
[PlyCount "155"]
[BlackFideId "2293307"]
[TimeControl "40/100 + 20/50 + 15 + 30s/move"]
[WhiteFideId "448869"]

1.d4 Nf6 2.c4 g6 3.Nc3 Bg7 4.e4 d6 5.h3 e5 6.d5 a5 7.Be3 Na6 8.Bd3 O-O 9.Qd2 Nd7 10.Nge2 Ndc5 11.Bb1 Bd7 12.O-O f5 13.exf5 gxf5 14.f4 e4 15.Bd4 Rf7 16.Nd1 b5 17.Ne3 bxc4 18.Qxa5 Bxd4 19.Nxd4 Qf6 20.Qc3 Na4 21.Qd2 N6c5 22.Nxc4 Nd3 23.Qe3 Nb4 24.Qd2 Nxd5 25.Bc2 Nc5 26.Nb3 Nd3 27.Bxd3 exd3 28.Qxd3 Nb4 29.Qd2 Rb8 30.Nd4 Nc6 31.Rad1 Rg7 32.Nf3 Kh8 33.Rf2 Rbg8 34.Ne3 Ne7 35.Qc3 Qxc3 36.bxc3 Ra8 37.Rb2 h6 38.Kf2 Rgg8 39.Rd4 Ra3 40.c4 Ra5 41.Rdd2 Rga8 42.Rb7 Rc5 43.Nd4 Kg8 44.Nb3 Rc6 45.Nd4 Rc5 46.Rc2 Kf7 47.Nb3 Rc6 48.Nd4 Rc5 49.Nb5 Bxb5 50.Rxb5 Ra4 51.Rxc5 dxc5 52.Rd2 Ke6 53.g4 Ra3 54.Nd5 Nc6 55.Nxc7+ Ke7 56.Nd5+ Kf7 57.Rb2 Nd4 58.Ne3 fxg4 59.hxg4 Kg7 60.Rb7+ Kg6 61.Rb6+ Kh7 62.f5 Kg7 63.Rg6+ Kf7 64.Rxh6 Rxa2+ 65.Kg3 Ra3 66.Kf4 Ne2+ 67.Kf3 Nd4+ 68.Ke4 Ra8 69.Rh7+ Kf6 70.Nd5+ Kg5 71.Rg7+ Kh4 72.Kf4 Ne2+ 73.Ke5 Re8+ 74.Ne7 Kg3 75.f6 Nf4 76.Kf5 Kf3 77.f7 Rf8 78.Ng6 1-0

[Event "FIDE Grand Swiss 2023"]
[Site "Villa Marina, Douglas, Isle of Man"]
[Date "2023.10.25"]
[Round "1.56"]
[White "Aravindh, Chithambaram Vr."]
[Black "Wu, Li"]
[Result "1-0"]
[WhiteElo "2649"]
[BlackElo "2303"]
[EventDate "2023.10.25"]
[ECO "A08"]
[PlyCount "107"]
[BlackFideId "411086"]
[TimeControl "40/100 + 20/50 + 15 + 30s/move"]
[WhiteFideId "5072786"]

1.Nf3 d5 2.g3 c5 3.Bg2 Nf6 4.O-O Nc6 5.d4 cxd4 6.Nxd4 e6 7.c4 Bc5 8.Nb3 Bb6 9.cxd5 exd5 10.Bg5 d4 11.a4 a5 12.N1d2 h6 13.Bxf6 Qxf6 14.Nc1 O-O 15.Nd3 h5 16.Rc1 Re8 17.Qb3 Ra6 18.Qb5 Ba7 19.Qxh5 g6 20.Qf3 Qe7 21.h4 Kg7 22.Rfe1 Bf5 23.Nc4 Bxd3 24.Qxd3 Nb4 25.Qd2 Qd7 26.Nxa5 Rxa5 27.Qxb4 Rxa4 28.Qb3 d3 29.exd3 Rxe1+ 30.Rxe1 Ra6 31.Qxb7 Qxb7 32.Bxb7 Rb6 33.Bf3 Rxb2 34.Be2 Bd4 35.Kg2 Rb6 36.Rc1 f5 37.Rc7+ Kf6 38.Rd7 Bc5 39.Rc7 Bd4 40.Rc4 Rd6 41.Bd1 Bb6 42.Bb3 g5 43.h5 Kg7 44.Rb4 Rf6 45.Ba4 g4 46.Bd7 Kh6 47.Bxf5 Bxf2 48.Bxg4 Bc5 49.Rc4 Be3 50.Re4 Bb6 51.d4 Kg5 52.Bf3 Rd6 53.d5 Kf5 54.g4+ 1-0

[Event "FIDE Grand Swiss 2023"]
[Site "Villa Marina, Douglas, Isle of Man"]
[Date "2023.10.25"]
[Round "1.57"]
[White "Kolbus, Dietmar"]
[Black "Najer, Evgeniy"]
[Result "0-1"]
[WhiteElo "2225"]
[BlackElo "2648"]
[EventDate "2023.10.25"]
[ECO "E12"]
[PlyCount "130"]
[BlackFideId "4118987"]
[TimeControl "40/100 + 20/50 + 15 + 30s/move"]
[WhiteFideId "4610628"]

1.d4 Nf6 2.c4 e6 3.Nf3 b6 4.a3 Ba6 5.e3 d5 6.Nbd2 Be7 7.b4 O-O 8.Bb2 Nbd7 9.b5 Bb7 10.Qb3 c5 11.bxc6 Bxc6 12.a4 Rc8 13.Be2 dxc4 14.Bxc4 Qc7 15.O-O Qb7 16.Rfc1 h6 17.Ba3 Bxa3 18.Qxa3 Rc7 19.Bb5 Rfc8 20.Be2 Ne4 21.Nxe4 Bxe4 22.Ne1 Nf6 23.f3 Rxc1 24.Rxc1 Rxc1 25.Qxc1 Bc6 26.Qa3 Nd5 27.e4 Nf4 28.Bc4 Qd7 29.Qe3 Bxa4 30.g3 Ng6 31.d5 exd5 32.Bxd5 Ne7 33.Ba2 Nc6 34.Nd3 Qd4 35.Kf2 Kf8 36.Qxd4 Nxd4 37.Ke3 Bb3 38.Bb1 Nb5 39.Ne5 a5 40.Nd7+ Ke8 41.Nxb6 a4 42.Nxa4 Bxa4 43.Bd3 Na3 44.Be2 Nc2+ 45.Kf2 Nd4 46.Bc4 Bb5 47.Bd5 Ke7 48.Ke3 Nc2+ 49.Kd2 Nb4 50.Bb3 Nc6 51.Ke3 Ne5 52.Bd1 Nc4+ 53.Kf2 Nb2 54.Bb3 Ba4 55.Bd5 Nd1+ 56.Ke1 Ne3 57.Bb7 Kd6 58.Ke2 Nc2 59.Kd2 Ke5 60.Bd5 f5 61.Bb7 f4 62.Bc8 Nd4 63.Bg4 Be8 64.Kd3 g5 65.gxf4+ gxf4 0-1

[Event "FIDE Grand Swiss 2023"]
[Site "Villa Marina, Douglas, Isle of Man"]
[Date "2023.10.26"]
[Round "2.50"]
[White "Parligras, Mircea-Emilian"]
[Black "Warmerdam, Max"]
[Result "1/2-1/2"]
[WhiteElo "2561"]
[BlackElo "2636"]
[EventDate "2023.10.25"]
[ECO "E04"]
[PlyCount "60"]
[BlackFideId "1048104"]
[TimeControl "40/100 + 20/50 + 15 + 30s/move"]
[WhiteFideId "1204297"]

1.d4 Nf6 2.c4 e6 3.Nf3 d5 4.g3 dxc4 5.Bg2 Bb4+ 6.Bd2 a5 7.a3 Be7 8.Qa4+ Nbd7 9.Qxc4 O-O 10.Nc3 b6 11.Ne5 Ba6 12.Qa4 Nxe5 13.dxe5 Nd5 14.Qc6 Rb8 15.Nxd5 exd5 16.Qxd5 Qc8 17.Qb3 Qf5 18.Bf3 Bc5 19.Bc3 Bb7 20.Qd1 Be4 21.O-O Rbd8 22.Qc1 Bxf3 23.exf3 Qxf3 24.Bxa5 Rd4 25.Bc3 Rg4 26.Qd1 Rxg3+ 27.hxg3 Qxg3+ 28.Kh1 Qh3+ 29.Kg1 Qg3+ 30.Kh1 Qh3+ 1/2-1/2

[Event "FIDE Grand Swiss 2023"]
[Site "Villa Marina, Douglas, Isle of Man"]
[Date "2023.10.26"]
[Round "2.53"]
[White "Rodrigue-Lemieux, Shawn"]
[Black "Sargsyan, Shant"]
[Result "1/2-1/2"]
[WhiteElo "2488"]
[BlackElo "2631"]
[EventDate "2023.10.25"]
[ECO "B51"]
[PlyCount "108"]
[BlackFideId "13306766"]
[TimeControl "40/100 + 20/50 + 15 + 30s/move"]
[WhiteFideId "2620049"]

1.e4 c5 2.Nf3 d6 3.Bb5+ Nd7 4.Ba4 Nf6 5.O-O e6 6.Re1 a6 7.c4 Be7 8.Nc3 O-O 9.d4 cxd4 10.Nxd4 Ne5 11.Qe2 Qb6 12.Rd1 Qc5 13.Bb3 Bd7 14.Be3 Qc7 15.h3 Rfc8 16.Rac1 Nxc4 17.Bxc4 Qxc4 18.Qf3 Qc7 19.Nd5 Qd8 20.Nxe7+ Qxe7 21.Ne2 Rxc1 22.Bxc1 Bc6 23.Nc3 Rd8 24.Qe3 e5 25.b3 Qe6 26.Bb2 h6 27.f3 Rd7 28.Rd2 Nh5 29.Ne2 f5 30.exf5 Qxf5 31.Kh2 Qg6 32.Qf2 Rf7 33.Qh4 Bxf3 34.gxf3 Rxf3 35.Qg4 Rf2+ 36.Kg1 Qf7 37.Kh1 b5 38.Bc3 Nf6 39.Qc8+ Kh7 40.Qc6 d5 41.Ng1 Ne4 42.Rxf2 Nxf2+ 43.Kg2 Nd3 44.Kh1 Nf2+ 45.Kg2 Nd3 46.Kh1 b4 47.Bd2 a5 48.Qb5 Nf2+ 49.Kg2 Ne4 50.Be1 Qg6+ 51.Kh2 Nf6 52.Qe2 Qf5 53.Nf3 e4 54.Nh4 Qe6 1/2-1/2

[Event "FIDE Grand Swiss 2023"]
[Site "Villa Marina, Douglas, Isle of Man"]
[Date "2023.10.26"]
[Round "2.57"]
[White "Yakubboev, Nodirbek"]
[Black "Kolbus, Dietmar"]
[Result "1-0"]
[WhiteElo "2616"]
[BlackElo "2225"]
[EventDate "2023.10.25"]
[ECO "A36"]
[PlyCount "71"]
[BlackFideId "4610628"]
[TimeControl "40/100 + 20/50 + 15 + 30s/move"]
[WhiteFideId "14203987"]

1.c4 c5 2.g3 g6 3.Bg2 Bg7 4.Nc3 Nc6 5.d3 Nf6 6.e4 d6 7.Nge2 Nd7 8.O-O Nf8 9.h3 Ne6 10.f4 Ned4 11.Nxd4 cxd4 12.Nb1 e6 13.Nd2 O-O 14.Nf3 Ne7 15.g4 f5 16.Qe2 fxe4 17.Qxe4 d5 18.cxd5 exd5 19.Qe1 Nc6 20.Bd2 Re8 21.Qd1 Qd6 22.Qb3 a5 23.Rae1 Bd7 24.Ng5 Ne7 25.f5 gxf5 26.gxf5 Bf6 27.Ne4 Qa6 28.Nxf6+ Qxf6 29.Qxb7 Bc6 30.Qc7 Nxf5 31.Rxf5 Rxe1+ 32.Bxe1 Qxf5 33.Qxc6 Rd8 34.Bxa5 Rd7 35.Qc8+ Kf7 36.Bb6 1-0

[Event "FIDE Grand Swiss 2023"]
[Site "Villa Marina, Douglas, Isle of Man"]
[Date "2023.10.27"]
[Round "3.1"]
[White "L'ami, Erwin"]
[Black "Caruana, Fabiano"]
[Result "1/2-1/2"]
[WhiteElo "2627"]
[BlackElo "2786"]
[EventDate "2023.10.25"]
[ECO "D30"]
[PlyCount "62"]
[BlackFideId "2020009"]
[TimeControl "40/100 + 20/50 + 15 + 30s/move"]
[WhiteFideId "1007998"]
[ePGN "0.1;DGT LiveChess/2.2.5"]

1.d4 d5 2.c4 e6 3.Nf3 Nf6 4.Nc3 a6 5.cxd5 exd5 6.Bf4 Bd6 7.Be5 Be6 8.e3 Nc6 9.Be2 O-O 10.O-O Ne4 11.Nxe4 dxe4 12.Bxd6 Qxd6 13.Nd2 f5 14.Bc4 Nb4 15.Bxe6+ Qxe6 16.Qb3 Qxb3 17.Nxb3 Nd3 18.Nc1 Nb4 19.Ne2 Nd3 20.Nc1 Nb4 21.Ne2 Nd5 22.Nc3 Rfd8 23.Nxd5 Rxd5 24.Rfc1 c6 25.g3 Kf7 26.h4 a5 27.b3 Ke6 28.Rc4 g6 29.Rac1 Kd6 30.Kf1 Rb5 31.R1c2 h5 1/2-1/2

[Event "FIDE Grand Swiss 2023"]
[Site "Villa Marina, Douglas, Isle of Man"]
[Date "2023.10.27"]
[Round "3.2"]
[White "Erigaisi, Arjun"]
[Black "Sarana, Alexey"]
[Result "1/2-1/2"]
[WhiteElo "2712"]
[BlackElo "2682"]
[EventDate "2023.10.25"]
[ECO "C42"]
[PlyCount "122"]
[BlackFideId "24133795"]
[TimeControl "40/100 + 20/50 + 15 + 30s/move"]
[WhiteFideId "35009192"]

1.e4 e5 2.Nf3 Nf6 3.Nxe5 d6 4.Nf3 Nxe4 5.Nc3 Nxc3 6.dxc3 Be7 7.Be3 Nd7 8.Qd2 O-O 9.O-O-O Nf6 10.Bd3 d5 11.h3 c6 12.Rhe1 Ne4 13.Qe2 Nc5 14.g4 Bd7 15.Kb1 Re8 16.Ne5 Bd6 17.Nxd7 Qxd7 18.Bf5 Qd8 19.c4 Bf4 20.cxd5 Bxe3 21.fxe3 cxd5 22.c4 Re5 23.Qg2 Qe7 24.cxd5 Rd8 25.Bc2 Rd6 26.Qf3 g6 27.Qh1 Rb6 28.Qf3 Rd6 29.Re2 Rf6 30.Qg2 Ne4 31.Bxe4 Rxe4 32.Qg3 Rd6 33.Rd3 Kg7 34.Qe1 Qe5 35.Qc3 Qxc3 36.bxc3 b5 37.Kc2 f5 38.gxf5 gxf5 39.Rg2+ Kf6 40.Rg8 Re7 41.Rf8+ Ke5 42.Rd4 Red7 43.Rf4 Kxd5 44.R8xf5+ Kc6 45.Rd4 Rh6 46.Rxd7 Kxd7 47.Rxb5 Rxh3 48.Kd3 Kc6 49.Ra5 Kb6 50.Rf5 h5 51.Rf6+ Kb7 52.Kd4 Rh2 53.Rh6 Rd2+ 54.Kc4 Re2 55.Kd3 Rxa2 56.Rxh5 a5 57.e4 a4 58.Ra5 Kb6 59.Ra8 Kb7 60.Ra5 Kb6 61.Ra8 Kb7 1/2-1/2

[Event "FIDE Grand Swiss 2023"]
[Site "Villa Marina, Douglas, Isle of Man"]
[Date "2023.10.27"]
[Round "3.3"]
[White "Esipenko, Andrey"]
[Black "Predke, Alexandr"]
[Result "1/2-1/2"]
[WhiteElo "2683"]
[BlackElo "2656"]
[EventDate "2023.10.25"]
[ECO "B30"]
[PlyCount "49"]
[BlackFideId "24107581"]
[TimeControl "40/100 + 20/50 + 15 + 30s/move"]
[WhiteFideId "24175439"]

1.e4 c5 2.Nf3 Nc6 3.Bb5 d6 4.O-O Bd7 5.Re1 Nf6 6.c3 a6 7.Bf1 e5 8.d4 cxd4 9.cxd4 Bg4 10.d5 Nd4 11.Be3 Nxf3+ 12.gxf3 Bd7 13.Nd2 Be7 14.Nc4 b5 15.Nb6 Rb8 16.Nxd7 Nxd7 17.Qd2 O-O 18.Bh3 b4 19.Rac1 Nc5 20.Kh1 Re8 21.b3 Bf8 22.Bg5 Be7 23.Be3 Bf8 24.Bg5 Be7 25.Be3 1/2-1/2

[Event "FIDE Grand Swiss 2023"]
[Site "Villa Marina, Douglas, Isle of Man"]
[Date "2023.10.27"]
[Round "3.4"]
[White "Firouzja, Alireza"]
[Black "Zhalmakhanov, Ramazan"]
[Result "1/2-1/2"]
[WhiteElo "2777"]
[BlackElo "2447"]
[EventDate "2023.10.25"]
[ECO "E05"]
[PlyCount "83"]
[BlackFideId "13706357"]
[TimeControl "40/100 + 20/50 + 15 + 30s/move"]
[WhiteFideId "12573981"]

1.c4 e6 2.g3 d5 3.Bg2 Nf6 4.Nf3 Be7 5.O-O O-O 6.d4 dxc4 7.Qc2 a6 8.a4 Bd7 9.Qxc4 Bc6 10.Bf4 Bd6 11.Qc1 Nbd7 12.Nc3 Qe7 13.Re1 Ne4 14.Ne5 Bxe5 15.dxe5 Nxc3 16.Qxc3 Bxg2 17.Kxg2 Qc5 18.Rec1 Qxc3 19.Rxc3 Rfc8 20.Rac1 c5 21.a5 Rc7 22.Be3 Rac8 23.f4 Kf8 24.b4 c4 25.Bc5+ Ke8 26.Rxc4 b5 27.axb6 Nxb6 28.Rd4 Nd7 29.Ra1 Nxc5 30.bxc5 Rxc5 31.Rxa6 R5c6 32.Raa4 h5 33.Kh3 g6 34.Kh4 Kf8 35.Kg5 Kg7 36.e4 Rc2 37.Rd7 Rxh2 38.Raa7 Rf8 39.f5 gxf5 40.exf5 Re2 41.Re7 Kg8 42.fxe6 1/2-1/2

[Event "FIDE Grand Swiss 2023"]
[Site "Villa Marina, Douglas, Isle of Man"]
[Date "2023.10.27"]
[Round "3.5"]
[White "Giri, Anish"]
[Black "Bacrot, Etienne"]
[Result "1/2-1/2"]
[WhiteElo "2760"]
[BlackElo "2669"]
[EventDate "2023.10.25"]
[ECO "C00"]
[PlyCount "82"]
[BlackFideId "605506"]
[TimeControl "40/100 + 20/50 + 15 + 30s/move"]
[WhiteFideId "24116068"]

1.e4 c5 2.Nf3 e6 3.d3 Nc6 4.g3 d5 5.Qe2 Nf6 6.Bg2 Be7 7.a4 dxe4 8.dxe4 e5 9.c3 O-O 10.O-O Qc7 11.Na3 Na5 12.Nd2 Rd8 13.Nac4 Bg4 14.f3 Bh5 15.Rf2 Nd7 16.Bf1 Nxc4 17.Nxc4 Nb6 18.Qc2 f6 19.Ne3 a5 20.c4 Bf8 21.Nd5 Nxd5 22.exd5 Bg6 23.Bd3 Bxd3 24.Qxd3 Bd6 25.Bd2 Rf8 26.f4 exf4 27.Bxf4 Rae8 28.Bxd6 Qxd6 29.Re2 Rxe2 30.Qxe2 Qd7 31.Re1 Qxa4 32.Qe6+ Rf7 33.d6 g5 34.Qc8+ Kg7 35.Qxc5 b6 36.Qd5 Rd7 37.Qe6 Rf7 38.Qd5 Rd7 39.Rd1 Qb3 40.Rd2 Qe3+ 41.Kf1 a4 1/2-1/2

[Event "FIDE Grand Swiss 2023"]
[Site "Villa Marina, Douglas, Isle of Man"]
[Date "2023.10.27"]
[Round "3.6"]
[White "Rapport, Richard"]
[Black "Volokitin, Andrei"]
[Result "1/2-1/2"]
[WhiteElo "2752"]
[BlackElo "2664"]
[EventDate "2023.10.25"]
[ECO "A34"]
[PlyCount "81"]
[BlackFideId "14107090"]
[TimeControl "40/100 + 20/50 + 15 + 30s/move"]
[WhiteFideId "738590"]

1.c4 Nf6 2.Nc3 c5 3.g3 d5 4.cxd5 Nxd5 5.Bg2 Nc7 6.d3 e5 7.Be3 Be7 8.Rc1 Nd7 9.Nf3 O-O 10.O-O Rb8 11.a4 b6 12.Nb5 a5 13.Na3 Ne6 14.Nc4 Qc7 15.Bd2 Bb7 16.e4 Bf6 17.h4 Rbd8 18.Qb3 Ba6 19.Ne3 Qd6 20.Nc4 Bxc4 21.Rxc4 Nb8 22.Rfc1 Nc6 23.Be3 Nb4 24.Bf1 Rd7 25.Rd1 Rfd8 26.Rd2 h5 27.Rc1 g6 28.Bh3 Qe7 29.Bxe6 Qxe6 30.Qxe6 fxe6 31.Rcd1 Rxd3 32.Kf1 Kf7 33.Ke2 Rxd2+ 34.Rxd2 Rxd2+ 35.Kxd2 Nc6 36.Kd3 Nd4 37.Ng5+ Bxg5 38.Bxg5 Ke8 39.Bf6 Nc6 40.Kc4 Kd7 41.Bg7 1/2-1/2